 Dungeon Crawl Stone Soup version 0.26-a0-738-g91b530ce93 (webtiles) character file.

Game seed: 313843051118941053

3457 Peloso the Carver (level 9, -1/78 HPs)
             Began as a Minotaur Fighter on Nov 5, 2020.
             Was a Follower of Okawaru.
             Shot with a bolt by an orc warrior (19 damage)
             ... in a bailey.
             The game lasted 00:14:46 (6173 turns).

Peloso the Carver (Minotaur Fighter)                Turns: 6173, Time: 00:14:47

Health: -1/78      AC: 23    Str: 23    XL:     9   Next: 78%
Magic:  6/8        EV: 12    Int:  5    God:    Okawaru [*.....]
Gold:   178        SH: 13    Dex: 11    Spells: 8/8 levels left

rFire    . . .     SeeInvis +   a - +1 falchion (protect)
rCold    + . .     Faith    +   c - +0 kite shield
rNeg     . . .     Spirit   .   l - +0 chain mail
rPois    .         Reflect  .   x - +0 hat {SInv}
rElec    .         Harm     .   B - +0 cloak {rCorr}
rCorr    +         Rampage  .   (no gloves)
MR       .....                  I - +0 pair of boots
Stlth    ..........             h - amulet of faith
HPRegen  0.23/turn              J - ring of protection from cold
MPRegen  0.11/turn              (no ring)

@: heroism, protection aura, berserk cooldown, hasted and slowed
A: retaliatory headbutt, horns 2
a: Heroism, Renounce Religion


You were in a bailey.
You worshipped Okawaru.
Okawaru was aware of your devotion.
You visited 1 branch of the dungeon, and saw 7 of its levels.
You also visited: Bailey.

You collected 343 gold pieces.
You spent 165 gold pieces at shops.

Inventory:

Hand Weapons
 a - a +1 falchion of protection (weapon)
 b - a +0 whip of flaming
Missiles
 u - 63 bolts
Armour
 c - a +0 kite shield (worn)
 l - a +0 chain mail (worn)
 s - a +0 scale mail
 t - a +1 cloak
 x - a +0 hat of see invisible (worn)
 B - a +0 cloak of preservation (worn)
 I - a +0 pair of boots (worn)
Jewellery
 h - an amulet of faith (around neck)
 J - a ring of protection from cold (left hand)
Wands
 w - a wand of flame (13)
 F - a wand of paralysis (13)
 G - a wand of polymorph (3)
 H - a wand of digging (5)
Scrolls
 e - 6 scrolls of teleportation {unknown}
 f - a scroll of blinking
 i - 3 scrolls of remove curse
 j - a scroll of magic mapping
 k - 3 scrolls of fear {unknown}
 m - a scroll of enchant armour {unknown}
 o - a scroll of enchant weapon {unknown}
 v - a scroll of immolation {unknown}
 y - a scroll of identify
 A - a scroll of fog
 C - a scroll of noise
 D - 2 scrolls of amnesia {unknown}
Potions
 d - a potion of might
 g - a potion of flight
 p - a potion of ambrosia
 q - 2 potions of haste
 r - 2 potions of stabbing
 z - a potion of mutation


   Skills:
 + Level 6.7(11.7) Fighting
 + Level 9.8(14.8) Long Blades
 + Level 8.5(13.5) Armour
 + Level 3.9(8.9) Dodging
 + Level 2.2(7.2) Stealth
 + Level 9.0(14.0) Shields
 + Level 0.1 Invocations
 + Level 0.3 Evocations


You had 8 spell levels left.
You didn't know any spells.
Your spell library was empty.

Dungeon Overview and Level Annotations

Branches:
Dungeon (7/15)             Temple (0/1) D:6          Bailey (1/1)

Altars:
Fedhas
Makhleb
Okawaru
Ru
Uskayaw
Yredelemnul

Shops:
D:4 *


Innate Abilities, Weirdness & Mutations

You reflexively headbutt those who attack you in melee.
You have a pair of horns on your head.


Message History

The orc warrior wields a +0 arbalest.
The orc warrior shoots a bolt.
You block the bolt.
You see here a bolt.
The helpless orc knight fails to defend itself.
You slash the orc knight!
Your weapon exudes an aura of protection.
You headbutt the orc knight.
The orc knight is moderately wounded.
The helpless orc knight fails to defend itself.
You slice the orc knight!!
The orc knight is heavily wounded.
The helpless orc knight fails to defend itself.
You slice the orc knight!! You headbutt the orc knight!
You kill the orc knight!
Okawaru is honoured by your kill.
You can now gain great but temporary skills.
Your base Stealth skill increases to level 2!
Your base Shields skill increases to level 9!
The orc warrior shoots a bolt.
The bolt hits you!!
You die...

## #### ##∩##
######
....##...##.....#
≈≈≈..#...#..≈≈≈..
≈o≈≈.......≈≈o≈≈.
oo≈.....).≈oo.≈.
o≈≈.....@.≈≈o≈≈.
≈..#)o)#..≈≈≈..
#.∩.##.....#
##∩## ###### ###


You could see 2 orc knights and 4 orc warriors.

Vanquished Creatures
  An orc knight (Bailey)
  Pikel (D:4)
  Prince Ribbit (D:7)
  Grinder (D:3)
  Sigmund (D:3)
  Edmund (D:4)
  3 orc warriors (Bailey)
  A phantom (D:4)
  A necrophage (D:4)
  An ogre (D:6)
  A centaur (D:4)
  A bullfrog (D:6)
  2 scorpions
  6 killer bees
  A howler monkey (D:5)
  A bullfrog zombie (D:6)
  An orc priest (D:6)
  A gnoll shaman (D:7)
  2 jellies
  4 orc wizards
  2 iguanas
  2 worker ants
  2 hound skeletons
  Robin (D:4)
  14 adders
  9 gnolls
  A howler monkey skeleton (D:6)
  A white imp (D:5)
  An ufetubus (D:7)
  An adder skeleton (D:4)
  4 worms
  A dart slug (D:4)
  4 leopard geckos
  18 orcs
  A ball python (D:1)
  5 giant cockroaches
  10 hobgoblins
  17 jackals
  10 kobolds
  3 quokkas
  13 bats
  7 frilled lizards
  10 goblins
  A goblin zombie (D:2)
  A jackal skeleton (D:4)
  A leopard gecko skeleton (D:6)
  7 rats
179 creatures vanquished.

Notes
Turn   | Place    | Note
-------+----------+-------------------------------------------
     0 | D:1      | Peloso the Minotaur Fighter began the quest for the Orb.
     0 | D:1      | Reached XP level 1. HP: 19/19 MP: 0/0
    84 | D:1      | Reached XP level 2. HP: 27/27 MP: 1/1
   318 | D:1      | Reached XP level 3. HP: 33/33 MP: 2/2
   981 | D:2      | Found a faded altar of an unknown god.
  1107 | D:2      | Found a runed translucent door.
  1107 | D:2      | Noticed a human
  1123 | D:2      | Reached XP level 4. HP: 33/40 MP: 3/3
  1224 | D:2      | Found a basalt altar of Yredelemnul.
  1426 | D:2      | Reached skill level 1 in Dodging
  1634 | D:3      | Reached XP level 5. HP: 22/47 MP: 4/4
  1967 | D:3      | Noticed Grinder
  1971 | D:3      | Paralysed by Grinder for 2 turns
  2009 | D:3      | Reached skill level 5 in Shields
  2011 | D:3      | Killed Grinder
  2011 | D:3      | Reached skill level 5 in Armour
  2011 | D:3      | Reached XP level 6. HP: 13/53 MP: 5/5
  2291 | D:3      | Noticed Sigmund
  2298 | D:3      | Killed Sigmund
  2298 | D:3      | Reached skill level 5 in Long Blades
  2298 | D:3      | Reached XP level 7. HP: 52/60 MP: 6/6
  2729 | D:4      | Noticed Edmund
  2751 | D:4      | Killed Edmund
  2965 | D:4      | Found a blossoming altar of Fedhas.
  3129 | D:4      | Noticed a +0 dagger
  3130 | D:4      | Noticed a +0 hand axe
  3140 | D:4      | Found a hide-covered altar of Uskayaw.
  3148 | D:4      | Reached skill level 5 in Fighting
  3208 | D:4      | Noticed Pikel
  3234 | D:4      | Killed Pikel
  3234 | D:4      | Reached XP level 8. HP: 56/69 MP: 7/7
  3517 | D:4      | Noticed Robin
  3521 | D:4      | Killed Robin
  3678 | D:4      | Found Reclexti's General Store.
  3695 | D:4      | Bought a scroll of fog for 20 gold pieces
  3695 | D:4      | Bought a +0 cloak of preservation for 115 gold pieces
  3695 | D:4      | Bought a scroll of noise for 10 gold pieces
  3695 | D:4      | Bought a scroll of identify for 20 gold pieces
  4077 | D:5      | Entered Level 5 of the Dungeon
  4592 | D:5      | Got a brightly glowing spear
  4593 | D:5      | Identified the +6 spear of Moxa {chaos, rC+ Int+2 Stlth-}
                  | (You found it on level 5 of the Dungeon)
  4622 | D:4      | Reached skill level 1 in Stealth
  4781 | D:5      | Reached XP level 9. HP: 58/75 MP: 8/8
  5021 | D:5      | Found an iron altar of Okawaru.
  5032 | D:5      | Became a worshipper of Warmaster Okawaru
  5091 | D:5      | Found a burning altar of Makhleb.
  5091 | D:5      | Found a sacrificial altar of Ru.
  5096 | D:5      | Found a faded altar of an unknown god.
  5098 | D:5      | Found a basalt altar of Yredelemnul.
  5100 | D:5      | Found a faded altar of an unknown god.
  5241 | D:6      | Found a staircase to the Ecumenical Temple.
  6043 | D:7      | Noticed Prince Ribbit
  6066 | D:7      | Killed Prince Ribbit
  6069 | D:7      | Found a flagged portal.
  6124 | Bailey   | Entered a bailey
  6124 | Bailey   | Noticed an orc knight
  6137 | Bailey   | Noticed an orc knight
  6160 | Bailey   | Noticed an orc knight
  6164 | Bailey   | Reached * piety under Okawaru
  6173 | Bailey   | Killed an orc knight
  6173 | Bailey   | Shot with a bolt by an orc warrior

Illustrated notes

Levels and vault maps discovered:
D:1:      dpeg_arrival_pits, layout_basic
D:2:      layout_rooms, chequers_ecumenical_altar_grove, dk_yredelemnul_ordeal
D:3:      layout_basic, uniq_sigmund, uniq_grinder
D:4:      layout_basic, fedhas_bush_and_centaur_altar, dancing_weapons_uskayaw,
          serial_shops, nicolae_shop_temple_entry_statues_fountains, uniq_robin,
          uniq_pikel, uniq_edmund
D:5:      layout_rooms, nicolae_overflow_crystal_walls,
          chequers_temple_overflow_minitemple
D:6:      layout_basic, minmay_temple_entry_proselytizer
D:7:      layout_rooms, enter_bailey_1, uniq_prince_ribbit1, uniq_joseph
Bailey:   bailey_polearm_4, bailey

Skill      XL: |  1  2  3  4  5  6  7  8  9 |
---------------+----------------------------+-----
Shields        | 4 5 6 7 9 |  9.0
Armour         | 4 5 6 7 8 |  8.5
Fighting       | 4 5 6 |  6.7
Long Blades    | 3 4 5 6 8 9 |  9.8
Dodging        | 1 2 3 |  3.9
Stealth        | 1 2 |  2.2
Invocations    | |  0.1
Evocations     | |  0.3

Action                   |  1- 3 |  4- 6 |  7- 9 || total
-------------------------+-------+-------+-------++-------
Melee: Long sword        |   109 |    85 |   102 ||   296
       Headbutt          |    18 |    12 |    64 ||    94
       Falchion          |       |       |   256 ||   256
Invok: Heroism           |       |       |     1 ||     1
Evoke: Wand              |       |       |     4 ||     4
  Use: Potion            |     1 |     1 |     6 ||     8
       Scroll            |       |       |     9 ||     9
 Stab: Paralysed         |       |       |     8 ||     8
Armor: Scale mail        |    70 |    55 |    27 ||   152
       Chain mail        |       |       |   117 ||   117
Dodge: Dodged            |    51 |    32 |   103 ||   186
Block: Kite shield       |   107 |    54 |   223 ||   384
       Rpst.: Long sword |    18 |    11 |     7 ||    36
       Falchion          |       |       |    25 ||    25

Table legend: (Time is in decaauts)
 A = Elapsed time spent in this place.
 B = Non-inter-level travel time spent in this place.
 C = Inter-level travel time spent in this place.
 D = Time resting spent in this place.
 E = Time spent auto-exploring this place.
 F = Levels seen in this place.
 G = Mean time per level.
                   A        B        C        D        E       F      G
               +--------+--------+--------+--------+--------+-----+--------+
         Total |   6240 |   6167 |     73 |    735 |   3921 |   8 |  780.0 |
       Dungeon |   6192 |   6119 |     73 |    735 |   3921 |   7 |  884.6 |
        Bailey |     48 |     48 |      0 |      0 |      0 |   1 |   48.0 |
               +--------+--------+--------+--------+--------+-----+--------+

Top non-repeatable levels by time:
     D:4: 1517 daAuts
     D:3: 1182 daAuts
     D:5: 975 daAuts
     D:2: 933 daAuts
     D:6: 746 daAuts
     D:1: 683 daAuts
     D:7: 154 daAuts
  Bailey: 48 daAuts
